 Dungeon Crawl Stone Soup version 0.17.1-3-g152610e (webtiles) character file.

694 DanteCalvez the Magician (level 7, -2/36 HPs)
             Began as a Deep Elf Conjurer on Apr 20, 2016.
             Slain by an ogre
             ... wielding a +0 giant club
              (11 damage)
             ... on level 4 of the Dungeon.
             The game lasted 00:14:16 (3899 turns).

DanteCalvez the Magician (Deep Elf Conjurer)        Turns: 3899, Time: 00:14:16

Health: -2/36      AC:  6    Str:  7    XL:     7   Next: 37%
Magic:  0/19       EV: 13    Int: 20    God:
Gold:   188        SH:  0    Dex: 15    Spells: 3 memorised, 12 levels left

rFire  . . .     SeeInvis .     k - +0 whip (elec)
rCold  . . .     Clarity  .     a - +0 robe
rNeg   . . .     SustAt   .     (no shield)
rPois  .         Gourm    .     e - +1 helmet
rElec  .         Spirit   .     o - +0 cloak
rCorr  .         Warding  .     t - +0 pair of gloves
rMut   .         Stasis   .     (no boots)
MR     .....                    (no amulet)
Stlth  ++........               (no ring)
                                (no ring)

@: not resistant to hostile enchantments, unstealthy
A: no striking features
a: no special abilities


You were on level 4 of the Dungeon.
You were not hungry.

You visited 1 branch of the dungeon, and saw 4 of its levels.

You collected 188 gold pieces.


   Skills:
 - Level 2.4 Dodging
 - Level 2.4 Stealth
 + Level 7.3 Spellcasting
 + Level 7.0 Conjurations
 + Level 5.2 Charms


You had 12 spell levels left.
You knew the following spells:

 Your Spells              Type           Power        Failure   Level  Hunger
a - Iskenderun's Battles  Conj/Chrm      ####....     24%         5    #####..
r - Searing Ray           Conj           #####.       1%          2    None
s - Magic Dart            Conj           ####         1%          1    None

Inventory:

Hand Weapons
 k - a +0 whip of electrocution (weapon)
Armour
 a - a +0 robe (worn)
 e - a +1 helmet (worn)
 o - a +0 cloak (worn)
 t - a +0 pair of gloves (worn)
Wands
 n - a wand of heal wounds (0) {!d@v2}
Scrolls
 d - 6 scrolls of identify {unknown}
 g - a scroll of enchant weapon {unknown}
 i - a scroll of recharging {unknown}
 l - 2 scrolls of teleportation {unknown}
 s - a scroll of noise {unknown}
Potions
 f - 3 potions of curing {@q1}
 h - 2 potions of lignification {unknown}
 j - a potion of ambrosia {unknown}
 m - a potion of degeneration {unknown}
 q - a potion of agility {unknown}
 r - a potion of mutation {unknown}
 v - a potion of magic {unknown}
Books
 b - a book of Conjurations

   Spells                             Type                      Level
   a - Magic Dart                     Conjuration                  1
   b - Searing Ray                    Conjuration                  2
   c - Dazzling Spray                 Conjuration/Hexes            3
   d - Fulminant Prism                Conjuration/Hexes            4
   e - Iskenderun's Mystic Blast      Conjuration                  4
   f - Iskenderun's Battlesphere      Conjuration/Charms           5
 u - a book of Flames

   Spells                             Type                      Level
   a - Flame Tongue                   Conjuration/Fire             1
   b - Throw Flame                    Conjuration/Fire             2
   c - Conjure Flame                  Conjuration/Fire             3
   d - Inner Flame                    Hexes/Fire                   3
   e - Sticky Flame                   Conjuration/Fire             4
   f - Fireball                       Conjuration/Fire             5
Comestibles
 c - a bread ration
 p - a royal jelly

Dungeon Overview and Level Annotations

Branches:
Dungeon (4/15)
 Temple: D:4-7

Altars:
Ashenzari
Cheibriados
Elyvilon
Makhleb
Sif Muna

Annotations:
D:2 Sigmund

##.######.##.####.#..
...................
.......##.####'#.#
..........#
..#######.# #.# #
##'###
..#..#####....#
........Oe....#
.##..#####.†..# # #
#....##.#.###
#............
##+######.###


You could see an ogre.


Message History

Your Spellcasting skill increases to level 7!
Your Conjurations skill increases to level 7!
Your Charms skill increases to level 5!
You have reached level 7!
You start resting.
An ogre comes into view. It is wielding a giant club.
The ogre shouts!
You can't see any susceptible monsters within range! (Use Z to cast anyway.)
Aiming: Magic Dart
Aim: an ogre, wielding a giant club The magic dart hits the ogre.
The ogre is lightly wounded.
Aiming: Searing Ray
Aim: an ogre, wielding a giant club (lightly wounded)
The searing ray hits the ogre.
The ogre is moderately wounded.
A centaur skeleton comes into view.
The searing ray hits the ogre.
The ogre is heavily wounded.
The searing ray hits the ogre.
The ogre is severely wounded.
The searing ray misses the ogre.
The ogre closely misses you.
Aiming: Searing Ray
Aim: an ogre, wielding a giant club (severely wounded)
The searing ray hits the ogre.
The ogre is almost dead.
The ogre completely misses you.
Without enough magic to sustain it, your searing ray dissipates.
The ogre hits you with a giant club!
You die...

Action                   |  1- 3 |  4- 6 |  7- 9 || total
-------------------------+-------+-------+-------++-------
Melee: Whip              |       |     2 |       ||     2
 Cast: Magic Dart        |    55 |   154 |     1 ||   210
       Searing Ray       |       |     9 |     2 ||    11
  Eat: Chunk             |       |     9 |       ||     9

Vault maps used:
D:1:      dpeg_arrival_rooms_a
D:2:      cheibriados_altar_wand_db, lemuel_doored_altar, bloody_makhleb,
          uniq_sigmund, uniq_terence, uniq_crazy_yiuf_cottage, uniq_natasha,
          uniq_robin
D:3:      lemuel_crystal_altar, marbit_many_paths, ecumenical_altar_2
D:4:      first_bread, saegor_snake_ambush, uniq_menkaure

Notes
Turn   | Place    | Note
--------------------------------------------------------------
     0 | D:1      | DanteCalvez the Deep Elf Conjurer began the quest for the Orb.
     0 | D:1      | Reached XP level 1. HP: 10/10 MP: 6/6
    64 | D:1      | Reached XP level 2. HP: 15/15 MP: 0/8
    68 | D:1      | Learned a level 2 spell: Searing Ray
   463 | D:1      | Reached skill level 4 in Spellcasting
   528 | D:2      | Reached XP level 3. HP: 19/19 MP: 3/10
   603 | D:1      | Reached skill level 5 in Conjurations
   761 | D:2      | Found a burning altar of Makhleb.
   761 | D:2      | Noticed Robin
   762 | D:2      | Noticed Sigmund
   981 | D:2      | Reached XP level 4. HP: 24/24 MP: 4/12
  1286 | D:2      | Noticed Natasha
  1290 | D:2      | Killed Natasha
  1290 | D:2      | Reached skill level 5 in Spellcasting
  1369 | D:2      | Noticed Natasha
  1375 | D:2      | Killed Natasha
  1448 | D:2      | Noticed Natasha
  1450 | D:2      | Killed Natasha
  1473 | D:2      | Killed Robin
  1478 | D:2      | Reached XP level 5. HP: 28/28 MP: 4/14
  1502 | D:2      | Learned a level 5 spell: Iskenderun's Battlesphere
  1746 | D:2      | Noticed Terence
  1752 | D:2      | Killed Terence
  1752 | D:2      | Reached skill level 1 in Charms
  1907 | D:2      | Found a snail-covered altar of Cheibriados.
  1915 | D:2      | Reached skill level 6 in Conjurations
  2079 | D:2      | Reached skill level 2 in Charms
  2096 | D:2      | Found a white marble altar of Elyvilon.
  2182 | D:2      | Noticed Crazy Yiuf
  2189 | D:2      | Killed Crazy Yiuf
  2862 | D:3      | Found a shattered altar of Ashenzari.
  2936 | D:3      | Reached skill level 6 in Spellcasting
  2936 | D:3      | Reached skill level 3 in Charms
  2936 | D:3      | Reached XP level 6. HP: 17/32 MP: 6/17
  3136 | D:3      | Found a faded altar to an unknown god.
  3494 | D:3      | Found a deep blue altar of Sif Muna.
  3779 | D:4      | Noticed Menkaure
  3795 | D:4      | Killed Menkaure
  3795 | D:4      | Reached skill level 4 in Charms
  3855 | D:4      | Noticed jesusflecha's ghost (amateur MfGl)
  3870 | D:4      | Killed jesusflecha's ghost
  3870 | D:4      | Reached skill level 7 in Spellcasting
  3870 | D:4      | Reached skill level 7 in Conjurations
  3870 | D:4      | Reached skill level 5 in Charms
  3870 | D:4      | Reached XP level 7. HP: 6/36 MP: 4/19
  3899 | D:4      | Slain by an ogre

Vanquished Creatures
  The ghost of jesusflecha the Poker, an amateur MfGl of Makhleb (D:4)
  Menkaure (D:4)
  Crazy Yiuf (D:2)
  An orc priest (D:3)
  An orc wizard (D:3)
  Terence (D:2)
  Natasha (thrice) (D:2)
  A worker ant (D:4)
  Robin (D:2)
  7 adders
  5 gnolls (D:2)
  An ooze (D:1)
  A worm (D:3)
  2 giant geckos
  4 orcs
  5 giant cockroaches
  20 goblins
  11 hobgoblins
  2 quokkas (D:3)
  A ball python (D:4)
  11 bats
  4 giant newts
  A kobold (D:3)
  11 rats
97 creatures vanquished.
